 Dungeon Crawl Stone Soup version 0.25-a0-992-gca090100c3 (webtiles) character file.

Game seed: 8825577396313641129, levelgen mode: deterministic

52 wvc the Cutter (level 3, -1/17 HPs)
             Began as a Vine Stalker Artificer on May 10, 2020.
             Slain by Grinder (4 damage)
             ... on level 3 of the Dungeon.
             The game lasted 00:03:09 (1745 turns).

wvc the Cutter (Vine Stalker Artificer)             Turns: 1745, Time: 00:03:10

Health: -1/17      AC:  7    Str: 14    XL:     3   Next: 85%
Magic:  0/6        EV: 11    Int: 11    God:
Gold:   125        SH:  0    Dex: 15    Spells: 2/2 levels left

rFire    . . .     SeeInvis .   s - +2 short sword (flame)
rCold    . . .     Gourm    .   (no shield)
rNeg     . . .     Faith    .   k - +0 ring mail
rPois    .         Spirit   +   (no helmet)
rElec    .         Reflect  .   (no cloak)
rCorr    .         Harm     .   (no gloves)
MR       .....                  m - +1 pair of boots
Stlth    +.........             (no amulet)
HPRegen  0.05/turn              t - ring of flight
MPRegen  0.10/turn              (no ring)

@: no status effects
A: fangs 2, magic shield, antimagic bite, no potion heal 3, rot immunity
a: Evoke Flight


You were on level 3 of the Dungeon.
You were not hungry.

You visited 1 branch of the dungeon, and saw 3 of its levels.

You collected 125 gold pieces.

Inventory:

Hand Weapons
 a - a +0 short sword
 h - a +0 hunting sling
 s - a +2 short sword of flaming (weapon)
Missiles
 n - 18 poisoned darts (quivered)
 p - 70 stones
Armour
 k - a +0 ring mail (worn)
 m - a +1 pair of boots (worn)
Jewellery
 t - a ring of flight (left hand)
Wands
 c - a wand of flame (15)
 d - a wand of enslavement (15)
 e - a wand of random effects (15)
Scrolls
 b - a scroll of fear {unknown}
 j - 3 scrolls of identify {unknown}
 q - a scroll of magic mapping {unknown}
 r - a scroll of teleportation {unknown}
Potions
 g - a potion of mutation {unknown}
 i - a potion of stabbing {unknown}
 l - a potion of resistance
Comestibles
 f - 5 rations


   Skills:
 - Level 0.8 Fighting
 + Level 3.2 Short Blades
 - Level 1.5 Dodging
 - Level 1.2 Stealth
 - Level 2.6 Evocations


You had 2 spell levels left.
You didn't know any spells.
Your spell library was empty.

Dungeon Overview and Level Annotations

Branches:
Dungeon (3/15)

Altars:
Dithmenos

Annotations:
D:3 Grinder


Innate Abilities, Weirdness & Mutations

You have extremely sharp teeth.
When hurt, damage is shared between your health and your magic reserves.
Your bite disrupts and absorbs the magic of your enemies.
Potions cannot restore your health.
You are immune to rotting.


Message History

Grinder is moderately wounded.
Grinder falters for a moment.
You barely miss Grinder.
Grinder is moderately wounded.
Grinder blinks!
You hit Grinder. You burn Grinder.
Grinder is heavily wounded.
Grinder hits you.
You hit Grinder.
Grinder is severely wounded.
Grinder hits you.
You writhe in agony.
* * * LOW HITPOINT WARNING * * *
You are too injured to fight recklessly!
You are too injured to fight recklessly!
You hit Grinder. You bite Grinder, but do no damage.
Grinder is severely wounded.
Grinder hits you.
* * * LOW HITPOINT WARNING * * *
You writhe in agony.
You die...

########
##......##
##........##
#.....5....#
#.....@....#
#..<..)....#
#..........#
#.....$....#
##........##
#........#
#..........#
#.............
#...........##


You could see Grinder (resistant).

Vanquished Creatures
  A gnoll (D:2)
  An ooze (D:2)
  A dart slug (D:1)
  A leopard gecko (D:2)
  2 ball pythons (D:1)
  A giant cockroach (D:1)
  6 goblins
  2 hobgoblins
  7 bats
  3 frilled lizards
  6 kobolds
  3 rats
34 creatures vanquished.

Notes
Turn   | Place    | Note
-------+----------+-------------------------------------------
     0 | D:1      | wvc the Vine Stalker Artificer began the quest for the Orb.
     0 | D:1      | Reached XP level 1. HP: 9/9 MP: 3/3
     0 | D:1      | meem: I'm meem, an infobot run by MalcolmRoseGaming: Type
                  | !submeem to keep me in your games; !nomeem to shut me up
                  | forever; !meem for help; !whymeem if you want to know why
                  | meem exists. Visit http://youtube.com/malcolmrosegaming for
                  | more DCSS content.
    45 | D:1      | Reached skill level 1 in Short Blades
    88 | D:1      | Reached XP level 2. HP: 13/14 MP: 5/5
   164 | D:1      | Reached skill level 2 in Short Blades
   464 | D:1      | meem: I'm meem, an infobot run by MalcolmRoseGaming: Type
                  | !submeem to keep me in your games; !nomeem to shut me up
                  | forever; !meem for help; !whymeem if you want to know why
                  | meem exists. Visit http://youtube.com/malcolmrosegaming for
                  | more DCSS content.
  1112 | D:2      | Reached XP level 3. HP: 17/17 MP: 6/6
  1257 | D:2      | Found a shadowy altar of Dithmenos.
  1488 | D:2      | Reached skill level 3 in Short Blades
  1725 | D:3      | Noticed Grinder
  1745 | D:3      | Slain by Grinder

Illustrated notes

Levels and vault maps discovered:
D:1:      dpeg_arrival_three_same_balls, layout_basic, serial_glass,
          glass_columns_c, glass_columns_a, item_on_display_a,
          minmay_strange_pillars, corexii_hall_statues_x
D:2:      minmay_chambers_of_ones, layout_rooms, old_standard_altar,
          serial_glass, glass_columns_b, glass_columns_c, glass_columns_a,
          glass_columns_a, glass_columns_a, glass_columns_a, glass_columns_a,
          glass_columns_b, glass_columns_a, glass_columns_b, feat_on_display,
          kennysheep_generic_room_13
D:3:      layout_rooms, tso_metal_star, nicolae_overflow_hidden_temple,
          first_ration, nemelex_dance_club_becter, uniq_grinder

Skill      XL: |  1  2  3 |
---------------+----------+-----
Short Blades   | 1 2 3 |  3.2
Fighting       | |  0.8
Dodging        | |  1.5
Stealth        | |  1.2
Evocations     | |  2.6

Action                   || total
-------------------------++-------
Melee: Short sword       ||    99
       Bite              ||    18
 Stab: Sleeping          ||     1
  Eat: Chunk             ||     3
Armor: Leather armour    ||    11
       Ring mail         ||    16
Dodge: Dodged            ||    54

Table legend:
 A = Non-vault XP
 B = Vault XP
 C = Vault XP percentage of total XP
 D = Non-vault monster count
 E = Vault monster count
 F = Vault count percentage of total count
                 A         B        C        D         E       F
            +---------+---------+-------+---------+---------+-------
      Total |      45 |      30 |  40.0 |      27 |       7 |  20.6
            +---------+---------+-------+---------+---------+-------
        D:1 |      31 |       0 |   0.0 |      18 |       0 |   0.0
        D:2 |      12 |      30 |  71.4 |       8 |       7 |  46.7
        D:3 |       2 |       0 |   0.0 |       1 |       0 |   0.0
            +---------+---------+-------+---------+---------+-------
